[Event "Team 45 45 League T46"]
[Site "Internet Chess Club"]
[Date "2010.10.04"]
[Round "9"]
[White "noHz"]
[Black "perikitosax"]
[Result "1-0"]
[WhiteElo "2122"]
[BlackElo "1933"]
[Opening "QGD: Charousek (Petrosian) variation"]
[ECO "D31"]
[Time "13:08:50"]
[TimeControl "2700+45"]

1. d4 d5 2. c4 e6 3. Nc3 Be7 4. cxd5 exd5 5. Bf4 Nf6 6. e3 O-O 7. Bd3 c5 8. Nb5
c4 9. Bc2 Na6 10. a3 Bd7 11. Nc3 b5 12. Nf3 b4 13. axb4 Nxb4 14. Bb1 Bg4 15. O-O
Nh5 16. Be5 f6 17. Bg3 Nxg3 18. hxg3 f5 19. b3 cxb3 20. Qxb3 Bxf3 21. gxf3 Kh8
22. Kg2 Qd7 23. Rh1 Rf6 24. g4 fxg4 25. Bxh7 gxf3+ 26. Kf1 Rh6 27. Rxh6 gxh6 28.
Qb1 Qh3+ 29. Ke1 Qg2 30. Nd1 Qg1+ 31. Kd2 Qf1 32. Bd3 Nxd3 33. Qb7 Qe2+ 34. Kc3
Bb4+ 35. Kb3 Rd8 36. Qc6 Rd6 37. Qe8+ Kg7 38. Rxa7+ Kf6 39. Rf7+ Kg5 40. Rg7+
Kf5 41. Qh5+ Ke4 42. Qg4+ Nf4 43. Qxf4+ Kd3 44. Qf5+ {Black resigns} 1-0

[Event "Team 45 45 League T46"]
[Site "Internet Chess Club"]
[Date "2010.10.02"]
[Round "9"]
[White "rookmaster23"]
[Black "BrerRabbit"]
[Result "1/2-1/2"]
[WhiteElo "1530"]
[BlackElo "1596"]
[Opening "King's Indian: orthodox variation"]
[ECO "E94"]
[Time "10:49:10"]
[TimeControl "2700+45"]

1. d4 Nf6 2. c4 g6 3. Nc3 Bg7 4. e4 d6 5. Nf3 O-O 6. Be2 e5 7. O-O Na6 8. Bg5 h6
9. Bh4 g5 10. Bg3 Nh5 11. dxe5 Nxg3 12. hxg3 dxe5 13. Qxd8 Rxd8 14. Rad1 Be6 15.
Nh2 c6 16. f4 exf4 17. gxf4 gxf4 18. Rxf4 Rxd1+ 19. Nxd1 Rd8 20. Nf3 Nc5 21. Nc3
Nd3 22. Bxd3 Rxd3 23. e5 Kf8 24. Ne4 Rd1+ 25. Kf2 Bxc4 26. Nc3 Rf1+ 27. Kg3 Be6
28. Ra4 a6 29. Ne4 Ra1 30. a3 Rb1 31. b4 Bc4 32. Nd6 Bb5 33. Nxb5 cxb5 34. Ra5
Rb3 35. Kf4 Rb2 36. g3 Ke7 37. Nd4 Kd7 38. Kf5 Rf2+ 39. Ke4 Rb2 40. Kf5 Rf2+ 41.
Ke4 Rb2 42. Kf5 {Game drawn by repetition} 1/2-1/2

[Event "Team 45 45 League T46"]
[Site "Internet Chess Club"]
[Date "2010.10.02"]
[Round "9"]
[White "SCUGrad"]
[Black "krysto"]
[Result "1-0"]
[WhiteElo "1495"]
[BlackElo "1441"]
[Opening "QGD"]
[ECO "D51"]
[Time "21:00:48"]
[TimeControl "2700+45"]

1. d4 e6 2. c4 d5 3. Nc3 Nf6 4. Bg5 Nbd7 5. e3 Be7 6. Nf3 h6 7. Bh4 O-O 8. Be2
b6 9. Bxf6 Nxf6 10. cxd5 exd5 11. Rc1 Bb7 12. Nb5 Bb4+ 13. Nc3 c6 14. a3 Bd6 15.
O-O Qe7 16. Qa4 Rfc8 17. b4 a6 18. Bd3 Rc7 19. Rfe1 Ne4 20. Qc2 Re8 21. Nd2
Bxh2+ 22. Kxh2 Qh4+ 23. Kg1 Qxf2+ 24. Kh1 Qxd2 25. Bxe4 Qxc2 26. Bxc2 Bc8 27.
Na4 Rb7 28. Bd3 b5 29. Nc5 Rbe7 30. Kg1 Rxe3 31. Rxe3 Rxe3 32. Kf2 Re8 33. Nb3
g5 34. Rxc6 Kg7 35. Nc5 h5 36. Nxa6 Bxa6 37. Rxa6 Re6 38. Rxe6 fxe6 39. Bxb5 h4
40. a4 g4 41. a5 {Black resigns} 1-0

[Event "Team 45 45 League T46"]
[Site "Internet Chess Club"]
[Date "2010.10.03"]
[Round "9"]
[White "LeanSixSigma"]
[Black "AlPearson"]
[Result "1-0"]
[WhiteElo "1514"]
[BlackElo "1409"]
[Opening "Benoni: classical, 9...a6, 10.a4"]
[ECO "A74"]
[Time "10:04:12"]
[TimeControl "2700+45"]

1. d4 Nf6 2. Nf3 g6 3. c4 Bg7 4. Nc3 d6 5. e4 O-O 6. Be2 c5 7. d5 a6 8. O-O e6
9. a4 exd5 10. cxd5 Re8 11. Nd2 Nbd7 12. f3 Nh5 13. Nc4 Ne5 14. f4 Nxc4 15. Bxc4
Bd4+ 16. Kh1 Bxc3 17. bxc3 Rxe4 18. Be2 Qe7 19. Bxh5 gxh5 20. Bd2 Bg4 21. Qc1
Re8 22. Ra3 Re2 23. c4 Qe4 24. Rg3 Kf8 25. f5 f6 26. Qc3 Kf7 27. Kg1 Qd4+ 28.
Qxd4 cxd4 29. Bb4 R8e3 30. Rxe3 Rxe3 31. Bxd6 Be2 32. Rc1 d3 33. Bb4 Re4 34. d6
Rd4 35. Kf2 Bg4 36. Ke3 Rxc4 37. Rxc4 Bxf5 38. Rc7+ Ke8 39. Rxb7 Kd8 40. Rb6 Kd7
41. Rxa6 Kc8 42. Ra5 Bg6 43. Rc5+ Kd7 44. Rc7+ Kd8 45. a5 f5 46. a6 f4+ 47. Kxf4
h6 48. a7 Bf7 49. a8=Q# {Black checkmated} 1-0

[Event "Team 45 45 League T46"]
[Site "Internet Chess Club"]
[Date "2010.10.03"]
[Round "9"]
[White "AtomicDog"]
[Black "supraholic"]
[Result "0-1"]
[WhiteElo "1541"]
[BlackElo "1378"]
[Opening "Philidor: Hanham variation"]
[ECO "C41"]
[Time "13:32:00"]
[TimeControl "2700+45"]

1. e4 e5 2. Nf3 d6 3. d4 Nd7 4. Bc4 h6 5. dxe5 Qe7 6. e6 fxe6 7. O-O b6 8. Re1
e5 9. Bd5 Rb8 10. Nc3 Ndf6 11. Bb3 c6 12. Nh4 Bg4 13. f3 Bh5 14. Nf5 Qd7 15. a4
d5 16. exd5 Qxf5 17. dxc6 Rc8 18. g4 Nxg4 19. Qd7+ Qxd7 20. cxd7+ Kxd7 21. fxg4
Bxg4 22. Rxe5 Bc5+ 23. Kg2 Nf6 24. Be3 Bd6 25. Rb5 Rhe8 26. Bf2 Ne4 27. Bd4 Nxc3
28. Bxc3 Re2+ 29. Kf1 Rf8+ 30. Kg1 Bxh2+ {White resigns} 0-1